 Dungeon Crawl Stone Soup version 0.20.1 (webtiles) character file.

221 vishdafish the Shield-Bearer (level 6, 0/48 HPs)
             Began as a Formicid Fighter on July 2, 2017.
             Slain by an orc (1 damage)
             ... on level 4 of the Dungeon.
             The game lasted 00:03:13 (1889 turns).

vishdafish the Shield-Bearer (Formicid Fighter)     Turns: 1889, Time: 00:03:14

Health: 0/48       AC:  7    Str: 22    XL:     6   Next: 19%
Magic:  6/6        EV:  8    Int:  8    God:
Gold:   138        SH: 10    Dex: 10    Spells: 5/5 levels left

rFire    . . .     SeeInvis +   a - +0 war axe
rCold    . . .     Gourm    .   c - +0 shield
rNeg     . . .     Faith    .   b - +0 scale mail
rPois    .         Spirit   .   (helmet unavailable)
rElec    .         Reflect  .   (no cloak)
rCorr    .         Harm     .   (no gloves)
MR       .....                  (no boots)
Stlth    ..........             (no amulet)
Regen    0.2/turn               (no ring)
MPRegen  0.1/turn               (no ring)

@: lethally poisoned (0 -> -4)
A: permanent stasis, dig shafts and tunnels, four strong arms, antennae 3
a: Dig, Shaft Self


You were on level 4 of the Dungeon.
You were hungry.

You visited 1 branch of the dungeon, and saw 4 of its levels.

You collected 138 gold pieces.

Inventory:

Hand Weapons
 a - a +0 war axe (weapon)
Missiles
 j - 11 bolts
Armour
 b - a +0 scale mail (worn)
 c - a +0 shield (worn)
Scrolls
 e - 4 scrolls of identify {unknown}
 h - 2 scrolls of remove curse {unknown}
 i - a scroll of enchant weapon {unknown}
 k - a scroll of teleportation {unknown}
 m - 2 scrolls of enchant armour {unknown}
 n - a scroll of random uselessness {unknown}
 o - a scroll of immolation {unknown}
 p - 2 scrolls of fog {unknown}
 r - a scroll of magic mapping {unknown}
Potions
 d - 2 potions of might
 g - a potion of curing {unknown}
 q - 2 potions of flight {unknown}
Comestibles
 f - 4 bread rations
 l - 5 fruits


   Skills:
 + Level 4.2 Fighting
 + Level 4.1 Axes
 + Level 4.0 Armour
 + Level 1.0 Dodging
 + Level 4.6 Shields


You had 5 spell levels left.
You didn't know any spells.

Dungeon Overview and Level Annotations

Branches:
Dungeon (4/15)
 Temple: D:4-7

Altars:
Sif Muna
Xom
Zin
The Shining One


Innate Abilities, Weirdness & Mutations

You cannot be hasted, slowed, berserked, paralysed or teleported.
You can dig through walls and to a lower floor.
Your four strong arms can wield two-handed weapons with a shield.
You have a pair of large antennae on your head. (SInv)


Message History

A giant cockroach comes into view.
* * * LOW HITPOINT WARNING * * *
You feel sick.
There is a stone staircase leading up here.
Your scale mail prevents you from hitting the orc.
The orc is severely wounded.
You hit the giant cockroach.
* * * LOW HITPOINT WARNING * * *
You feel sick. The orc hits you but does no damage.
You block the giant cockroach's attack.
You hit the orc.
The orc is almost dead.
You hit the giant cockroach but do no damage.
* * * LOW HITPOINT WARNING * * *
You feel sick. The giant cockroach bites you.
* * * LOW HITPOINT WARNING * * *
The orc hits you.
* * * LOW HITPOINT WARNING * * *
You block the giant cockroach's attack. The orc hits you.
You die...

####
###
#..
......
#.#.#
#.o.#
#s@#
#+##


You could see an orc and a giant cockroach.

Vanquished Creatures
  An orc wizard (D:3)
  2 orc priests (D:3)
  6 adders
  An ooze (D:1)
  A worm (D:3)
  2 dart slugs
  2 leopard geckos
  5 orcs (D:3)
  8 bats
  A giant cockroach (D:2)
  3 goblins
  7 hobgoblins
  6 jackals (D:1)
  2 quokkas (D:2)
  A ball python (D:2)
  2 frilled lizards
  10 kobolds
  5 rats
65 creatures vanquished.

Notes
Turn   | Place    | Note
-------+----------+-------------------------------------------
     0 | D:1      | vishdafish the Formicid Fighter began the quest for the Orb.
     0 | D:1      | Reached XP level 1. HP: 18/18 MP: 1/1
    97 | D:1      | Reached XP level 2. HP: 22/24 MP: 2/2
   264 | D:1      | Reached XP level 3. HP: 28/29 MP: 3/3
   692 | D:2      | Reached XP level 4. HP: 27/37 MP: 4/4
  1172 | D:2      | Found a shimmering altar of Xom.
  1172 | D:2      | Found a glowing silver altar of Zin.
  1172 | D:2      | Noticed an angel
  1283 | D:2      | Reached XP level 5. HP: 41/42 MP: 5/5
  1284 | D:2      | Found a deep blue altar of Sif Muna.
  1339 | D:2      | Found a glowing golden altar of the Shining One.
  1699 | D:3      | Reached skill level 1 in Dodging
  1699 | D:3      | Reached XP level 6. HP: 32/48 MP: 6/6
  1868 | D:3      | Noticed a sky beast
  1889 | D:4      | HP: 2/48 [giant cockroach (1)]
  1889 | D:4      | Slain by an orc

Skill      XL: |  1  2  3  4  5 |
---------------+----------------+-----
Shields        | 4 |  4.6
Axes           | 3 4 |  4.1
Fighting       | 4 |  4.2
Armour         | 4 |  4.0
Dodging        | 1 |  1.0

Action                   |  1- 3 |  4- 6 || total
-------------------------+-------+-------++-------
Melee: War axe           |    92 |   139 ||   231
  Eat: Chunk             |       |     3 ||     3
Armor: Scale mail        |    52 |    56 ||   108
Dodge: Dodged            |    29 |    48 ||    77
Block: Shield            |    60 |    56 ||   116
